 Dungeon Crawl Stone Soup version 0.25-a0-1133-g93ebf73 (webtiles) character file.

Game seed: 17197016922077825325, levelgen mode: deterministic

517 thirtiethelement the Covert (level 7, -1/45 HPs)
             Began as an Octopode Assassin on May 21, 2020.
             Was a Follower of Makhleb.
             Slain by an orc wizard
             ... wielding a +1 dagger of venom
              (2 damage)
             ... on level 5 of the Dungeon.
             The game lasted 00:19:18 (3835 turns).

thirtiethelement the Covert (Octopode Assassin)     Turns: 3835, Time: 00:19:18

Health: -1/45      AC:  1    Str: 10    XL:     7   Next: 20%
Magic:  7/7        EV:  9    Int: 13    God:    Makhleb [*.....]
Gold:   223        SH: 10    Dex: 16    Spells: 6/6 levels left

rFire    + . .     SeeInvis .   k - +4 dagger (venom)
rCold    + . .     Gourm    .   x - +0 tower shield
rNeg     + . .     Faith    .   (helmet restricted)
rPois    .         Spirit   .   (no amulet)
rElec    .         Reflect  .   j - ring of protection from fire
rCorr    .         Harm     .   o - ring of wizardry
MR       .....                  u - ring of stealth
Stlth    ++++++....             y - ring of positive energy
HPRegen  0.15/turn              E - ring of protection from cold
MPRegen  0.10/turn              (no ring)
                                (no ring)
                                (no ring)

@: lethally poisoned (-1 -> -16)
A: almost no armour, stealthy swim, amphibious, 8 rings, constrict 8, camouflage
1, gelatinous body 1
a: Renounce Religion


You were on level 5 of the Dungeon.
You worshipped Makhleb.
Makhleb was aware of your devotion.
You were not hungry.

You visited 1 branch of the dungeon, and saw 5 of its levels.

You collected 223 gold pieces.

Inventory:

Hand Weapons
 a - a +2 dagger
 f - a +0 dagger of electrocution
 k - a +4 dagger of venom (weapon)
 m - a cursed -2 short sword
 B - a +2 flail of protection
Missiles
 b - 41 poisoned darts (quivered)
 c - 2 curare-tipped darts
 F - 7 atropa-tipped darts
Armour
 x - a +0 tower shield (worn)
Jewellery
 j - a ring of protection from fire (left tentacle)
 o - a ring of wizardry (right tentacle)
 u - a ring of stealth (on tentacle)
 y - a ring of positive energy (on tentacle)
 E - a ring of protection from cold (on tentacle)
Wands
 C - a wand of flame (15)
Scrolls
 e - a scroll of blinking {unknown}
 g - 8 scrolls of identify {unknown}
 h - 2 scrolls of magic mapping {unknown}
 i - 2 scrolls of fog {unknown}
 n - a scroll of enchant weapon {unknown}
 r - a scroll of fear {unknown}
 s - 2 scrolls of teleportation {unknown}
 z - a scroll of immolation {unknown}
 D - 3 scrolls of remove curse {unknown}
Potions
 l - a potion of might {unknown}
 p - a potion of ambrosia {unknown}
 q - 2 potions of haste {unknown}
 t - a potion of degeneration {unknown}
 v - a potion of berserk rage {unknown}
 w - a potion of heal wounds {unknown}
 A - a potion of lignification {unknown}
 G - a potion of resistance {unknown}
Comestibles
 d - 11 rations


   Skills:
 + Level 2.9 Fighting
 + Level 3.9 Short Blades
 + Level 2.8 Throwing
 + Level 2.3 Dodging
 + Level 9.0 Stealth
 + Level 1.1 Shields


You had 6 spell levels left.
You didn't know any spells.
Your spell library was empty.

Dungeon Overview and Level Annotations

Branches:
Dungeon (5/15)
 Temple: D:4-7

Altars:
Elyvilon
Fedhas
Makhleb
Okawaru
Qazlal
Sif Muna
Xom
Yredelemnul
Zin


Innate Abilities, Weirdness & Mutations

You cannot wear most types of armour.
You are very stealthy in the water. (Stealth+)
You are amphibious.
You can wear up to eight rings at the same time.
You can use your tentacles to constrict eight enemies at once.
Your skin changes colour to match your surroundings (Stealth+).
Your rubbery body absorbs attacks. (AC +1, EV +1)


Message History

That item cannot be evoked!
You hit the orc.
You kill the orc!
Makhleb accepts your kill.
You feel better.
* * * LOW HITPOINT WARNING * * *
You feel sick. Something hits you.
* * * LOW HITPOINT WARNING * * *
You are more poisoned.
You block the jackal's attack.
You hit the jackal.
You kill the jackal!
Makhleb accepts your kill.
* * * LOW HITPOINT WARNING * * *
You feel sick. You block something's attack.
You closely miss the orc. You grab the orc. Your squeeze misses the orc.
You constrict the orc.
* * * LOW HITPOINT WARNING * * *
You feel sick. Something hits you.
You die...

#...####..## #....#
#..........###.##.#
##......#.........#
##......##.##.....<#
#.......##.#...)..##
####.....#..........#
#..###..##.........##.
#.......##............
#......@##........#...
#...##..o#..............
#.. #.....o....#.......
... #......###.##......
.. #...#####...†...... .
##..# #).o.#...(#. #....
#...## #....
#.........#..# ...
...........#...#


S You could see an orc.

Vanquished Creatures
  A phantom (D:4)
  A bullfrog (D:5)
  2 orc priests
  2 orc wizards
  A worker ant (D:4)
  A hound skeleton (D:4)
  6 gnolls (D:4)
  5 adders
  An ooze (D:4)
  2 dart slugs (D:1)
  A worm (D:2)
  2 leopard geckos (D:2)
  10 orcs
  7 bats
  2 giant cockroaches (D:1)
  5 goblins
  9 hobgoblins
  7 jackals
  7 kobolds
  2 quokkas (D:2)
  3 ball pythons
  5 frilled lizards
  15 rats
97 creatures vanquished.

Notes
Turn   | Place    | Note
-------+----------+-------------------------------------------
     0 | D:1      | thirtiethelement the Octopode Assassin began the quest for
                  | the Orb.
     0 | D:1      | Reached XP level 1. HP: 14/14 MP: 1/1
   150 | D:1      | Reached XP level 2. HP: 20/20 MP: 2/2
   223 | D:1      | Reached skill level 6 in Stealth
   319 | D:1      | Reached XP level 3. HP: 25/25 MP: 3/3
   954 | D:2      | Reached XP level 4. HP: 30/30 MP: 4/4
   993 | D:2      | Found a burning altar of Makhleb.
   993 | D:2      | Found a shimmering altar of Xom.
  1005 | D:2      | Became a worshipper of Makhleb the Destroyer
  1638 | D:3      | Found a basalt altar of Yredelemnul.
  1713 | D:3      | Found a white marble altar of Elyvilon.
  1939 | D:3      | Reached skill level 7 in Stealth
  1939 | D:3      | Reached XP level 5. HP: 35/35 MP: 5/5
  1941 | D:3      | Reached * piety under Makhleb
  2153 | D:3      | Found a blossoming altar of Fedhas.
  2398 | D:4      | Found an iron altar of Okawaru.
  2798 | D:4      | Found a glowing silver altar of Zin.
  2798 | D:4      | Found a faded altar of an unknown god.
  2804 | D:4      | Found a shimmering blue altar of Sif Muna.
  2806 | D:4      | Found a faded altar of an unknown god.
  2807 | D:4      | Found a stormy altar of Qazlal.
  2910 | D:4      | Reached skill level 8 in Stealth
  2922 | D:4      | Reached XP level 6. HP: 32/41 MP: 6/6
  3125 | D:4      | Noticed a phantom
  3441 | D:4      | Killed a phantom
  3772 | D:5      | Entered Level 5 of the Dungeon
  3804 | D:5      | Reached skill level 1 in Shields
  3804 | D:5      | Reached XP level 7. HP: 45/45 MP: 7/7
  3827 | D:5      | Reached skill level 9 in Stealth
  3834 | D:5      | HP: 2/45 [poisoned by an orc wizard]
  3835 | D:5      | Slain by an orc wizard

Illustrated notes

Levels and vault maps discovered:
D:1:      dpeg_arrival_more_subterranean_lakeside_camping, layout_basic,
          st_stairs_5, minmay_misc_feat_alley, kennysheep_flooded_box
D:2:      layout_basic, gammafunk_temple_overflow_elements, first_ration
D:3:      layout_loops_ring, kennysheep_ying_yang, fedhas_altar_1,
          bh_walls_and_bars
D:4:      layout_loops_corners, okawaru_gym_becter,
          chequers_temple_overflow_minitemple
D:5:      layout_cave_pools, chequers_big_river

Skill      XL: |  1  2  3  4  5  6  7 |
---------------+----------------------+-----
Stealth        | 6 7 8 9 |  9.0
Short Blades   | 3 |  3.9
Dodging        | 2 |  2.3
Shields        | 1 |  1.1
Fighting       | |  2.9
Throwing       | |  2.8

Action                   |  1- 3 |  4- 6 |  7- 9 || total
-------------------------+-------+-------+-------++-------
Melee: Dagger            |    45 |   123 |    16 ||   184
       Constrict         |     7 |    24 |     5 ||    36
       Tentacles         |     3 |    20 |     1 ||    24
Throw: Dart              |     3 |    20 |       ||    23
 Stab: Sleeping          |    20 |    17 |       ||    37
  Eat: Ration            |       |     3 |       ||     3
Armor: Skin              |     1 |     8 |     3 ||    12
Dodge: Dodged            |    17 |    33 |     7 ||    57
Block: Tower shield      |       |    23 |    14 ||    37

Table legend:
 A = Non-vault XP
 B = Vault XP
 C = Vault XP percentage of total XP
 D = Non-vault monster count
 E = Vault monster count
 F = Vault count percentage of total count
                 A         B        C        D         E       F
            +---------+---------+-------+---------+---------+-------
      Total |     735 |       4 |   0.5 |      94 |       3 |   3.1
            +---------+---------+-------+---------+---------+-------
        D:1 |      41 |       4 |   8.9 |      22 |       3 |  12.0
        D:2 |      80 |       0 |   0.0 |      27 |       0 |   0.0
        D:3 |      80 |       0 |   0.0 |      21 |       0 |   0.0
        D:4 |     373 |       0 |   0.0 |      16 |       0 |   0.0
        D:5 |     161 |       0 |   0.0 |       8 |       0 |   0.0
            +---------+---------+-------+---------+---------+-------
